 Dungeon Crawl Stone Soup version 0.23-a0-480-g1869896531 (console) character file.

20 Gottschkopf the Skirmisher (level 2, 0/26 HPs)
             Began as a Draconian Skald on Nov 29, 2018.
             Slain by a worm (4 damage)
             ... on level 2 of the Dungeon.
             The game lasted 00:03:07 (846 turns).

Gottschkopf the Skirmisher (Draconian Skald)         Turns: 846, Time: 00:03:08

Health: 0/26       AC:  4    Str: 13    XL:     2   Next: 58%
Magic:  0/5        EV: 12    Int: 13    God:
Gold:   38         SH:  0    Dex: 10    Spells: 2/5 levels left

rFire    . . .     SeeInvis .   a - +0 falchion
rCold    . . .     Gourm    .   (no shield)
rNeg     . . .     Faith    .   (armour unavailable)
rPois    .         Spirit   +   (helmet restricted)
rElec    .         Reflect  .   (no cloak)
rCorr    .         Harm     .   (no gloves)
MR       .....                  (no boots)
Stlth    +.........             b - amulet of guardian spirit
HPRegen  0.08/turn              (no ring)
MPRegen  0.09/turn              (no ring)

@: infused
A: unfitting armour, cold-blooded, AC +4
a: no special abilities


You were on level 2 of the Dungeon.
You were not hungry.

You visited 1 branch of the dungeon, and saw 2 of its levels.

You collected 38 gold pieces.

Inventory:

Hand Weapons
 a - a +0 falchion (weapon)
Jewellery
 b - an amulet of guardian spirit (around neck)
Scrolls
 e - a scroll of amnesia {unknown}
 h - a scroll of random uselessness {unknown}
 i - a scroll of enchant armour {unknown}
Potions
 d - 2 potions of lignification {unknown}
 g - a potion of berserk rage {unknown}
 j - 2 potions of cancellation {unknown}
Comestibles
 c - 3 rations
 f - a chunk of flesh


   Skills:
 + Level 3.5 Fighting
 - Level 2.0 Long Blades
 - Level 2.1 Dodging
 - Level 2.0 Spellcasting
 + Level 2.7 Charms


You had 2 spell levels left.
You knew the following spells:

 Your Spells              Type           Power        Failure   Level  Hunger
a - Infusion              Chrm           #...         9%          1    ##.....
b - Shroud of Golubria    Chrm/Tloc      #.........   22%         2    ###....

Your spell library contained the following spells:

 Spells                   Type           Power        Failure   Level  Hunger
 Song of Slaying          Chrm           #.......     13%         2    ###....
 Regeneration             Chrm/Necr      #.........   41%         3    ####...
 Spectral Weapon          Hex/Chrm       #.......     41%         3    ####...


Dungeon Overview and Level Annotations

Branches:
Dungeon (2/15)

Altars:
Xom


Innate Abilities, Weirdness & Mutations

Your plain brown scales are hard. (AC +4)
You cannot fit into any form of body armour.
You are cold-blooded and may be slowed by cold attacks.


Message History

A worm comes into view.
A worm is nearby!
Found an escape hatch in the floor.
Casting: Infusion (safe; 9% risk of failure)
Confirm with . or Enter, or press ? or * to list all spells.
You begin infusing your attacks with magical energy.
Unknown command.
You hit the worm.
The worm is lightly wounded.
The worm bites you.
You hit the worm.
The worm is moderately wounded.
You barely miss the worm.
The worm is moderately wounded.
The worm bites you!
* * * LOW HITPOINT WARNING * * *
You slash the worm! You tail-slap the worm.
The worm is severely wounded.
The worm bites you.
You die...

..........# #.#
......># #.#
#.#..#####.#
#.##..........#
........#######
#.###....#######
#...........
#.#......##.
#.##@....#
#.#.w....... .
#.#....... # #.
...#### #. ...#
#. ...# #> ...#
#. ....


You could see a worm.

Vanquished Creatures
  A worm (D:2)
  2 leopard geckos (D:1)
  2 giant cockroaches (D:1)
  2 hobgoblins
  3 bats (D:1)
  2 goblins (D:1)
  3 rats (D:1)
15 creatures vanquished.

Notes
Turn   | Place    | Note
-------+----------+-------------------------------------------
     0 | D:1      | Gottschkopf the Draconian Skald began the quest for the
                  | Orb.
     0 | D:1      | Reached XP level 1. HP: 17/17 MP: 3/3
   259 | D:1      | Reached skill level 3 in Fighting
   259 | D:1      | Reached XP level 2. HP: 26/26 MP: 0/5
   777 | D:2      | Learned a level 2 spell: Shroud of Golubria
   783 | D:2      | Found a shimmering altar of Xom.
   846 | D:2      | Slain by a worm

Vault maps used:
D:1:      eino_arrival_druids_welcome
D:2:      eat_drink_and_be_merry_uskayaw, nicolae_overflow_crystal_walls

Skill      XL: |  1 |
---------------+----+-----
Fighting       | 3 |  3.5
Long Blades    | |  2.0
Dodging        | |  2.1
Spellcasting   | |  2.0
Charms         | |  2.7

Action                   || total
-------------------------++-------
Melee: Falchion          ||    41
       Tailslap          ||     5
 Cast: Infusion          ||    15
Armor: Skin              ||    16
Dodge: Dodged            ||    24
       Rpst.: Falchion   ||     7

Table legend:
 A = Non-vault XP
 B = Vault XP
 C = Vault XP percentage of total XP
 D = Non-vault monster count
 E = Vault monster count
 F = Vault count percentage of total count
                 A         B        C        D         E       F
            +---------+---------+-------+---------+---------+-------
      Total |      29 |       0 |   0.0 |      15 |       0 |   0.0
            +---------+---------+-------+---------+---------+-------
        D:1 |      22 |       0 |   0.0 |      13 |       0 |   0.0
        D:2 |       7 |       0 |   0.0 |       2 |       0 |   0.0
            +---------+---------+-------+---------+---------+-------
